 Dungeon Crawl Stone Soup version 0.30-b1-2-g02819fbbbe (webtiles) character file.

Game seed: 17799992532883719610

260 Hatch3r the Chopper (level 5, -2/48 HPs)
             Began as a Minotaur Berserker on July 11, 2023.
             Was a Believer of Trog.
             Slain by a killer bee (7 damage)
             ... on level 4 of the Dungeon.
             The game lasted 00:16:36 (2816 turns).

Hatch3r the Chopper (Minotaur Berserker)            Turns: 2816, Time: 00:16:37

Health: -2/48      AC:  5    Str: 23    XL:     5   Next: 95%
Magic:  4/4        EV: 16    Int:  4    God:    Trog [**....]
Gold:   104        SH:  0    Dex: 10    Spells: 4/4 levels left

rFire   . . .        p - +0 war axe
rCold   . . .        (no shield)
rNeg    . . .        q - +0 ring mail
rPois   .            (helmet restricted)
rElec   .            (no cloak)
rCorr   .            (no gloves)
SInv    .            (no boots)
Will    .....        (no amulet) Stlth
                     h - +5 ring of evasion
HPRegen 0.28/turn    (no ring)
MPRegen 0.09/turn

%: no passive effects
@: lethally poisoned (-2 -> -8)
A: horns 2, retaliatory headbutt
a: Renounce Religion, Berserk, Trog's Hand


You were on level 4 of the Dungeon.
You worshipped Trog.
Trog was pleased with you.
You visited 1 branch of the dungeon, and saw 4 of its levels.

You collected 104 gold pieces.

Inventory:

Hand Weapons
 p - a +0 war axe (weapon)
Missiles
 l - 22 stones (quivered)
Armour
 q - a +0 ring mail (worn)
Jewellery
 h - a +5 ring of evasion (left hand)
Wands
 k - a wand of roots (9)
Scrolls
 d - 2 scrolls of teleportation {unknown}
 f - 3 scrolls of identify {unknown}
 g - 3 scrolls of brand weapon {unknown}
 i - a scroll of poison {unknown}
 m - a scroll of noise {unknown}
 o - a scroll of blinking {unknown}
Potions
 a - a potion of heal wounds {unknown}
 b - 2 potions of curing {unknown}
 c - a potion of haste {unknown}
 e - a potion of cancellation {unknown}
 j - a potion of mutation {unknown}


   Skills:
 + Level 5.2 Fighting
 + Level 6.5 Axes
 + Level 3.5 Armour
 - Level 2.3 Dodging


You had 4 spell levels left.
You didn't know any spells.
Your spell library contained the following spells:

 Spells                   Type           Power      Damage    Failure   Level
 Static Discharge         Conj/Air       0%         2-2/arc   80%         2
 Airstrike                Air            0%         2d(0-16)  100%        4
 Summon Lightning Spire   Summ/Air       0%         N/A       100%        4


Dungeon Overview and Level Annotations

Branches:
Dungeon (4/15)
 Temple: D:4-7

Altars:


Innate Abilities, Weirdness & Mutations

You have a pair of horns on your head.
You reflexively headbutt those who attack you in melee.


Message History

You headbutt the killer bee. You barely miss the killer bee.
The killer bee is moderately wounded.
You hear the brisk hiss of a very distant avalanche of sand.
The killer bee stings you. The killer bee misses you.
You barely miss the killer bee.
The killer bee is moderately wounded.
The killer bee stings you!
You are poisoned.
The killer bee poisons you! The killer bee stings you.
The killer bee barely misses you. You furiously retaliate!
You headbutt the killer bee.
You are too injured to fight recklessly!
You are too injured to fight recklessly!
You are too injured to fight recklessly!
You hit the killer bee but do no damage.
The killer bee is severely wounded.
You feel very sick.
The killer bee stings you but does no damage.
The killer bee closely misses you.
You barely miss the killer bee.
The killer bee is severely wounded.
You feel sick. The killer bee misses you. The killer bee stings you.
The killer bee closely misses you.
You miss the killer bee.
The killer bee is heavily wounded.
You feel sick. The killer bee misses you. The killer bee stings you!
* * * LOW HITPOINT WARNING * * *
You are lethally poisoned!
The killer bee poisons you!
You closely miss the killer bee.
The killer bee is heavily wounded.
* * * LOW HITPOINT WARNING * * *
You feel very sick. The killer bee barely misses you. x2
You miss the killer bee. Your punch misses the killer bee.
The killer bee is heavily wounded.
* * * LOW HITPOINT WARNING * * *
You feel sick. The killer bee stings you!
You die...

.... .... .....
..... ...... #y...
##yy# ##@# . ###.##
..####..####
...........###
#............####
#####>..........##
####......[......##
#.................#
#.................#


You could see 3 killer bees.

Vanquished Creatures
  2 killer bees (D:4)
  A hound (D:4)
  A sleepcap (D:4)
  An iguana (D:4)
  2 adders
  An ufetubus (D:4)
  A worm (D:2)
  2 dart slugs
  6 orcs
  4 endoplasms
  A giant cockroach (D:4)
  9 goblins
  4 hobgoblins
  2 quokkas (D:4)
  3 ball pythons
  4 bats
  6 frilled lizards
  5 kobolds
  4 rats
59 creatures vanquished.

Notes
Turn   | Place    | Note
-------+----------+-------------------------------------------
     0 | D:1      | Hatch3r the Minotaur Berserker began the quest for the Orb.
     0 | D:1      | Reached XP level 1. HP: 19/19 MP: 0/0
   208 | D:1      | Reached XP level 2. HP: 24/27 MP: 1/1
   262 | D:1      | Reached skill level 4 in Axes
   866 | D:2      | Reached ** piety under Trog
   950 | D:2      | Reached XP level 3. HP: 27/33 MP: 2/2
  2467 | D:4      | Reached skill level 5 in Axes
  2467 | D:4      | Reached XP level 4. HP: 36/41 MP: 3/3
  2597 | D:4      | Identified the +1 robe "Bileuzej" {Dex+4 Stlth+}
  2659 | D:4      | Reached XP level 5. HP: 47/47 MP: 4/4
  2803 | D:4      | Reached skill level 5 in Fighting
  2803 | D:4      | Reached skill level 6 in Axes
  2816 | D:4      | Slain by a killer bee

Illustrated notes

Levels and vault maps discovered:
D:1:      dpeg_arrival_tiny_g, layout_basic
D:2:      layout_basic, serial_rivers, chequers_serial_rivers_micro_a,
          chequers_serial_rivers_large_b, chequers_serial_rivers_room_b,
          chequers_serial_rivers_micro_c, chequers_serial_rivers_small_a
D:3:      layout_basic, uniq_jessica, uniq_sigmund
D:4:      layout_cave_pods, nicolae_ossuary_entry_giza,
          hangedman_minor_gate_pass

Skill      XL: |  1  2  3  4  5 |
---------------+----------------+-----
Axes           | 4 5 6 |  6.5
Fighting       | 4 5 |  5.2
Armour         | 3 |  3.5
Dodging        | |  2.3

Action                     |  1- 3 |  4- 6 || total
---------------------------+-------+-------++-------
  Melee: Hand axe          |   102 |       ||   102
         Headbutt          |    13 |    10 ||    23
         Punch             |     1 |       ||     1
         War axe           |     2 |    41 ||    43
 Armour: Animal skin       |     4 |       ||     4
         Leather armour    |     4 |       ||     4
         Ring mail         |     1 |     9 ||    10
  Dodge: Dodged            |    61 |    51 ||   112
